 Dungeon Crawl Stone Soup version 0.31-a0-600-g62dffe198b (webtiles) character file.

Game seed: 17672127672944927672

493 CrazyBamboolord the Magician (level 7, -6/45 HPs)
             Began as a Djinni Fire Elementalist on Aug 21, 2023.
             Mangled by a gnoll
             ... wielding a +0 flail
             ... led by a gnoll bouda
              (8 damage)
             ... on level 3 of the Dungeon.
             The game lasted 00:05:46 (2916 turns).

CrazyBamboolord the Magician (DjFE)                 Turns: 2916, Time: 00:05:46

Health: -6/45      AC:  4    Str:  7    XL:     7   Next: 37%
Gold:   182        EV: 13    Int: 19    God:
                   SH:  0    Dex: 13

rFire   + + .        (no weapon)
rCold   x . .        (no shield)
rNeg    . . .        a - +0 robe
rPois   ∞            m - +0 helmet
rElec   .            h - +0 cloak
rCorr   .            (no gloves)
SInv    .            (boots unavailable)
Will    .....        (no amulet)
Stlth   ++           (no ring)
HPRegen 0.27/turn    (no ring)
MPRegen 0.00/turn

%: infuse magic (-7 HP)
@: attractive, flying
A: sickness immunity, fire resistance 2, cold vulnerability 1, float, innate
caster, HP casting, extra vitality 1
a: no special abilities


You were on level 3 of the Dungeon.
You visited 1 branch of the dungeon, and saw 3 of its levels.
You also visited: Sewer.

You collected 182 gold pieces.

Inventory:

Armour
 a - a +0 robe (worn)
 h - a +0 cloak (worn)
 m - a +0 helmet (worn)
Scrolls
 b - 2 scrolls of identify
 e - 2 scrolls of poison
 g - a scroll of teleportation
 l - 3 scrolls of immolation
Potions
 c - 2 potions of might
 d - a potion of invisibility
 j - a potion of haste {unknown}
 k - a potion of brilliance {unknown}


   Skills:
 + Level 4.0 Dodging
 + Level 4.0 Stealth
 + Level 4.7 Spellcasting
 + Level 4.7 Conjurations
 + Level 4.7 Hexes
 + Level 4.7 Summonings
 + Level 4.7 Necromancy
 + Level 4.7 Translocations
 + Level 4.7 Transmutations
 + Level 4.7 Fire Magic
 + Level 4.7 Ice Magic
 + Level 4.7 Air Magic
 + Level 4.7 Earth Magic
 + Level 4.7 Poison Magic


You knew the following spells:

 Your Spells              Type           Power      Damage    Failure   Level
a - Foxfire               Conj/Fire      88%        2x1d8     1%          1
b - Scorch                Fire           44%        2d6       2%          2
c - Volatile Blastmotes   Fire/Tloc      44%        2d13      5%          3
d - Inner Flame           Hex/Fire       22%        N/A       5%          3
e - Flame Wave            Conj/Fire      22%        2d8       19%         4
f - Shock                 Conj/Air       88%        1d8       1%          1
g - Wereblood             Tmut           22%        N/A       2%          2
h - Confusing Touch       Hex            22%        N/A       5%          3
Your spell library was empty.

Dungeon Overview and Level Annotations

Branches:
Dungeon (3/15)              Sewer (visited)

Altars:
Ashenzari
Nemelex Xobeh
Yredelemnul


Innate Abilities, Weirdness & Mutations

You are immune to sickness and miasma.
You are immune to poison.
Your flesh is very heat resistant. (rF++)
You are vulnerable to cold. (rC-)
You float through the air rather than walking.
You learn spells naturally, not from books.
Your magical power is your life essence.
You have superior vitality. (+4 MHP)


Message History

You are too injured to fight recklessly!
Casting: Scorch (safe; 2% risk of failure)
Press: ? - help, Q - select action, (/) - cycle Dir - look around, f - activate Flames lash the gnoll.
The gnoll is burned terribly!
You kill the gnoll!
* * * LOW HITPOINT WARNING * * *
Unknown command.
Casting: Scorch (safe; 2% risk of failure)
Press: ? - help, Q - select action, (/) - cycle Dir - look around, f - activate Flames lash the gnoll.
The gnoll is severely wounded.
The gnoll's fire resistance burns away.
* * * LOW HITPOINT WARNING * * *
Casting: Scorch (safe; 2% risk of failure)
Press: ? - help, Q - select action, (/) - cycle Dir - look around, f - activate Flames lash the gnoll.
The gnoll is almost dead.
The gnoll's fire resistance burns away.
* * * LOW HITPOINT WARNING * * *
The gnoll hits you with a +0 flail!
* * * LOW HITPOINT WARNING * * *
It was a potion of invisibility.
You fade into invisibility!
The gnoll hits you with a +0 flail.
* * * LOW HITPOINT WARNING * * *
Unknown command.
Unknown command.
The gnoll is no longer moving quickly.
The gnoll is no longer more vulnerable to fire.
The gnoll is no longer moving quickly.
It was a potion of attraction.
You feel attractive to monsters.
The gnoll is no longer more vulnerable to fire.
The gnoll is attracted toward you.
It was a potion of cancellation.
Your magical effects are unravelling.
You feel magically purged.
You flicker back into view.
The gnoll hits you but does no damage. The gnoll hits you with a +0 flail!
You die...

.........#............#
##
##########.#.##########
#####. #.#.# #.....
##.#.# #.###. ##....#
#.###. ##.#.#.## #.#...
##.##.#..##### #.#.#.
#.###........# #...†.
##.####g@###.# #.#.#.
######.###g## #.#
#..... ......)...§.#
#.#######†#.#.
#########.###
#........†.... ###
###########.## #.##
#... ####


You could see 2 gnolls.

Vanquished Creatures
  A human (D:3)
  An ogre (D:3)
  3 jellies (Sewer)
  A gnoll bouda (D:3)
  A gnoll (D:3)
  4 adders
  2 river rats (Sewer)
  2 worms (D:3)
  A dart slug (D:1)
  2 orcs (D:3)
  9 endoplasms
  6 giant cockroaches
  6 goblins
  10 hobgoblins
  9 jackals
  A quokka (D:2)
  8 ball pythons
  6 bats
  9 frilled lizards
  4 kobolds
  7 rats
93 creatures vanquished.

Vanquished Creatures (others)
  339 foxfires
339 creatures vanquished.

Grand Total: 432 creatures vanquished

Notes
Turn   | Place    | Note
-------+----------+-------------------------------------------
     0 | D:1      | CrazyBamboolord the Djinni Fire Elementalist began the
                  | quest for the Orb.
     0 | D:1      | CrazyBamboolord set off with the following spells
                  | memorised: Foxfire, Scorch, Volatile Blastmotes, Inner
                  | Flame, Flame Wave.
     0 | D:1      | Reached XP level 1. HP: 15/15 MP: 0/0
   164 | D:1      | Reached XP level 2. HP: 19/21 MP: 0/0
   277 | D:1      | Reached XP level 3. HP: 24/25 MP: 0/0
   277 | D:1      | Learned a level 1 spell: Shock
  1032 | D:2      | Reached XP level 4. HP: 29/31 MP: 0/0
  1650 | D:3      | Found a sparkling altar of Nemelex Xobeh.
  1671 | D:3      | Found a faded altar of an unknown god.
  1677 | D:3      | Noticed an ogre
  1683 | D:3      | Killed an ogre
  1684 | D:3      | Reached XP level 5. HP: 27/35 MP: 0/0
  1684 | D:3      | Learned a level 2 spell: Wereblood
  1836 | D:3      | Found a glowing drain.
  1852 | Sewer    | Entered a sewer
  1901 | Sewer    | Reached XP level 6. HP: 34/40 MP: 0/0
  2256 | Sewer    | Found a viscous altar of Jiyva.
  2388 | D:3      | Found a broken altar of Ashenzari.
  2676 | D:3      | Found a runed translucent door.
  2676 | D:3      | Noticed a human
  2734 | D:3      | Found a basalt altar of Yredelemnul.
  2747 | D:3      | Killed a human
  2748 | D:3      | Reached XP level 7. HP: 37/45 MP: 0/0
  2748 | D:3      | Learned a level 3 spell: Confusing Touch
  2910 | D:3      | HP: 1/45 [gnoll/+0 flail[a gnoll bouda] (2)]
  2916 | D:3      | Mangled by a gnoll

Illustrated notes

Levels and vault maps discovered:
D:1:      elethiomel_arrival_maze, layout_basic
D:2:      layout_basic
D:3:      layout_loops_ring, cheibrodos_ashenzari_chains,
          nemelex_dance_club_becter, dk_yredelemnul_ordeal,
          shapermc_ecumenical_altar_starsandcircs, cheibrodos_sewer_entry_drain

Skill      XL: |  1  2  3  4  5  6  7 |
---------------+----------------------+-----
Spellcasting   | 4 |  4.7
Conjurations   | 4 |  4.7
Hexes          | 4 |  4.7
Summonings     | 4 |  4.7
Necromancy     | 4 |  4.7
Translocations | 4 |  4.7
Transmutations | 4 |  4.7
Fire Magic     | 4 |  4.7
Ice Magic      | 4 |  4.7
Air Magic      | 4 |  4.7
Earth Magic    | 4 |  4.7
Poison Magic   | 4 |  4.7
Stealth        | 2 3 4 |  4.0
Dodging        | 3 4 |  4.0

Action                     |  1- 3 |  4- 6 |  7- 9 || total
---------------------------+-------+-------+-------++-------
  Melee: Unarmed           |       |     2 |       ||     2
   Cast: Foxfire           |    72 |   127 |     6 ||   205
         Scorch            |       |    10 |     4 ||    14
    Use: Scroll            |     1 |     6 |       ||     7
         Potion            |       |       |     3 ||     3
 Armour: Robe              |       |     3 |     1 ||     4
  Dodge: Dodged            |     3 |    14 |     5 ||    22

Table legend: (Time is in decaauts)
 A = Elapsed time spent in this place.
 B = Non-inter-level travel time spent in this place.
 C = Inter-level travel time spent in this place.
 D = Time resting spent in this place.
 E = Time spent auto-exploring this place.
 F = Levels seen in this place.
 G = Mean time per level.
                   A        B        C        D        E       F      G
               +--------+--------+--------+--------+--------+-----+--------+
         Total |   2915 |   2788 |    127 |     25 |   2189 |   4 |  728.8 |
       Dungeon |   2434 |   2307 |    127 |     25 |   1819 |   3 |  811.3 |
         Sewer |    480 |    480 |      0 |      0 |    370 |   1 |  480.0 |
               +--------+--------+--------+--------+--------+-----+--------+

Top non-repeatable levels by time:
     D:1: 877 daAuts
     D:3: 819 daAuts
     D:2: 737 daAuts
   Sewer: 480 daAuts
